[Event "Team 45 45 League T67"]
[Site "Internet Chess Club"]
[Date "2015.12.28"]
[Round "4"]
[White "zigzag2002"]
[Black "lacibacsi"]
[Result "0-1"]
[WhiteElo "2034"]
[BlackElo "2077"]
[Opening "Caro-Kann: Tartakower (fantasy) variation"]
[ECO "B12"]
[Time "09:00:40"]
[TimeControl "2700+45"]

1. e4 c6 2. d4 d5 3. f3 g6 4. Nc3 Bg7 5. Be3 dxe4 6. fxe4 Nf6 7. Be2 Qa5 8. Bd2
Qb6 9. e5 Nd5 10. Nxd5 cxd5 11. Bc3 O-O 12. Nf3 Nc6 13. Qd2 Bf5 14. b3 Rac8 15.
Rc1 a5 16. a3 f6 17. Bb2 fxe5 18. dxe5 e6 19. Bd3 Bg4 20. Qe2 Bxf3 21. gxf3 Nd4
22. Bxd4 Qxd4 23. h4 Bxe5 24. h5 g5 25. Rg1 Qxg1+ {White resigns} 0-1

[Event "Team 45 45 League T67"]
[Site "Internet Chess Club"]
[Date "2015.12.25"]
[Round "4"]
[White "JJ12"]
[Black "JasonModer"]
[Result "0-1"]
[WhiteElo "2093"]
[BlackElo "1943"]
[Opening "Sicilian: Alapin's variation (2.c3)"]
[ECO "B22"]
[Time "09:00:29"]
[TimeControl "2700+45"]

1. e4 c5 2. c3 d5 3. exd5 Qxd5 4. d4 Nf6 5. Nf3 Bg4 6. Be2 e6 7. O-O Nc6 8. h3
Bh5 9. Be3 cxd4 10. cxd4 Be7 11. Nc3 Qd8 12. Qb3 a6 13. Rfd1 Na5 14. Qc2 O-O 15.
Rac1 Rc8 16. Qd2 Nc4 17. Bxc4 Rxc4 18. g4 Bg6 19. Ne5 Rc8 20. Qe2 Nd5 21. Nxg6
hxg6 22. Qf3 Nxe3 23. fxe3 b5 24. d5 Qb6 25. Qe4 Bg5 26. Re1 b4 27. Na4 Qb5 28.
Rxc8 Rxc8 29. b3 exd5 30. Qb1 Re8 31. Kg2 Bh4 32. Rf1 Qe2+ 33. Kg1 Qxe3+ {White
resigns} 0-1

[Event "Team 45 45 League T67"]
[Site "Internet Chess Club"]
[Date "2015.12.28"]
[Round "4"]
[White "vjbaker"]
[Black "The7thGuest"]
[Result "0-1"]
[WhiteElo "1763"]
[BlackElo "1969"]
[Opening "Sicilian: Sveshnikov variation"]
[ECO "B33"]
[Time "13:01:21"]
[TimeControl "2700+45"]

1. e4 c5 2. Nf3 Nc6 3. d4 cxd4 4. Nxd4 Nf6 5. Nc3 e5 6. Ndb5 d6 7. Bg5 a6 8.
Bxf6 gxf6 9. Na3 b5 10. Nd5 f5 11. Bd3 Be6 12. c4 bxc4 13. Nxc4 Bg7 14. Ndb6
Bxc4 15. Nxc4 O-O 16. O-O d5 17. exd5 Nd4 18. Ne3 e4 19. Bc4 f4 20. Nc2 Nxc2 21.
Qxc2 f5 22. Rfd1 f3 23. g3 Rb8 24. Rab1 a5 25. b3 Qd6 26. Qd2 f4 27. Re1 e3 28.
fxe3 fxg3 29. Rf1 f2+ 30. Kh1 g2+ 31. Kxg2 Qg6+ 32. Kh3 Rf3+ {White resigns} 0-1

[Event "Team 45 45 League T67"]
[Site "Internet Chess Club"]
[Date "2015.12.24"]
[Round "4"]
[White "JPSVI"]
[Black "ausya"]
[Result "0-1"]
[WhiteElo "1630"]
[BlackElo "1697"]
[Opening "Queen's bishop game"]
[ECO "D00"]
[Time "18:01:37"]
[TimeControl "2700+45"]

1. d4 d5 2. Bf4 Nf6 3. Nf3 e6 4. e3 c5 5. a3 a6 6. dxc5 Bxc5 7. c4 Nc6 8. b4 Be7
9. Nc3 O-O 10. cxd5 exd5 11. Nd4 Be6 12. h3 Nd7 13. b5 Nxd4 14. Qxd4 Bf6 15. Qd2
Qa5 16. Rc1 Rfc8 17. Ne2 Rxc1+ 18. Nxc1 Bc3 {White resigns} 0-1

[Event "Team 45 45 League T67"]
[Site "Internet Chess Club"]
[Date "2015.12.27"]
[Round "4"]
[White "kabindra"]
[Black "sharky123"]
[Result "0-1"]
[WhiteElo "1739"]
[BlackElo "1821"]
[Opening "Caro-Kann: advance variation"]
[ECO "B12"]
[Time "17:00:53"]
[TimeControl "2700+45"]

1. e4 c6 2. d4 d5 3. e5 Bf5 4. g4 Be4 5. f3 Bg6 6. Ne2 e6 7. Nf4 Ne7 8. Nc3 Qb6
9. b3 Nd7 10. Qd2 c5 11. Nb5 Nc8 12. Nxg6 hxg6 13. Ba3 a6 14. Nd6+ Nxd6 15. exd6
Bxd6 16. dxc5 Bxc5 17. Bxc5 Qxc5 18. O-O-O O-O-O 19. f4 Nf6 20. Kb2 Nxg4 21. Qd4
Qxd4+ 22. Rxd4 Nf2 23. Rg1 Rxh2 24. Rd2 Rdh8 25. Rg3 Ne4 26. Rxh2 Rxh2 27. Re3
Rf2 28. Bd3 Rxf4 29. Rh3 Nf6 30. Rh8+ Kd7 31. Rb8 Rb4 32. c3 Rb6 33. a4 a5 34.
Bb5+ Ke7 35. Ra8 Ne4 36. Kc2 Nd6 37. Bd3 Rc6 38. Rxa5 g5 39. Ra7 g4 40. a5 g3
41. Bf1 Kf6 42. b4 d4 43. Bg2 Rxc3+ 44. Kd2 {White resigns} 0-1

[Event "Team 45 45 League T67"]
[Site "Internet Chess Club"]
[Date "2015.12.26"]
[Round "4"]
[White "Holzschlange"]
[Black "Portola"]
[Result "1-0"]
[WhiteElo "1860"]
[BlackElo "1729"]
[Opening "Catalan: closed, 5.Nf3"]
[ECO "E06"]
[Time "10:00:30"]
[TimeControl "2700+45"]

1. Nf3 d5 2. d4 Nf6 3. c4 e6 4. g3 Be7 5. Bg2 O-O 6. Qc2 b6 7. O-O Bb7 8. cxd5
exd5 9. Nc3 Nbd7 10. Rd1 Re8 11. Bf4 a6 12. Rac1 Rc8 13. h4 Bd6 14. Bxd6 cxd6
15. Qb3 Rc4 16. e3 Qc8 17. Nd2 Rc7 18. Ne2 b5 19. Rxc7 Qxc7 20. Rc1 Qa5 21. Nb1
Ba8 22. Nf4 Nb6 23. a3 Nc4 24. Nc3 Nd2 25. Qc2 Nc4 26. Nfxd5 Nd7 27. Nb4 Bxg2
28. Kxg2 Qb6 29. Nbd5 Qb7 30. Kg1 Nb8 31. Qe2 Nc6 32. Qg4 Kh8 33. Qf4 Qd7 34.
Ne4 Qe6 35. Nec3 Qg6 36. Nc7 Rd8 37. N3d5 h6 38. b3 N4a5 39. Nxa6 Rf8 40. Nac7
Nd8 41. b4 Nb3 42. Re1 f5 43. Nxb5 Nd2 44. Kg2 Ne4 45. Rc1 Ne6 46. Qf3 Qe8 47.
Qe2 Qa8 48. f3 Qxd5 49. fxe4 Qxe4+ 50. Qf3 Qd3 51. Qf1 Qe4+ 52. Kh2 Qxe3 53. Re1
Qd2+ 54. Qe2 Qxe2+ 55. Rxe2 Rf6 56. d5 Nf8 57. Re7 Kh7 58. Nc7 f4 59. Ne6 fxg3+
60. Kxg3 Rg6+ 61. Kh3 Kg8 62. Re8 Rf6 63. Rxf8+ Rxf8 64. Nxf8 Kxf8 65. b5 Ke7
66. Kg4 g6 67. a4 Kd8 68. Kf4 Kc7 69. a5 Kb7 70. Ke4 Ka7 71. b6+ Kb7 72. h5 g5
73. Kf5 Ka6 74. Ke6 g4 75. Kxd6 g3 76. Kc7 g2 77. b7 g1=Q 78. b8=Q Qc5+ 79. Kd7
Qc7+ 80. Qxc7 {Black resigns} 1-0

[Event "Team 45 45 League T67"]
[Site "Internet Chess Club"]
[Date "2015.12.27"]
[Round "4"]
[White "isolani"]
[Black "Innes"]
[Result "0-1"]
[WhiteElo "1461"]
[BlackElo "1574"]
[Opening "Old Benoni defense"]
[ECO "A43"]
[Time "17:00:32"]
[TimeControl "2700+45"]

1. d4 c5 2. Nf3 cxd4 3. Qxd4 Nc6 4. Qd3 e5 5. e4 Nf6 6. Bg5 Be7 7. Be2 h6 8. Bh4
O-O 9. Nc3 d6 10. h3 a6 11. O-O b5 12. Bxf6 Bxf6 13. Nd5 Be7 14. a3 f5 15. Rad1
fxe4 16. Nxe7+ Nxe7 17. Qxe4 Bf5 18. Qe3 Qc7 19. Rd2 Ng6 20. Rfd1 Rad8 21. Bd3
Nf4 22. Bxf5 Rxf5 23. Kh2 Rf6 24. g3 Ne6 25. Nxe5 dxe5 26. Rxd8+ Nxd8 {White
resigns} 0-1

[Event "Team 45 45 League T67"]
[Site "Internet Chess Club"]
[Date "2015.12.27"]
[Round "4"]
[White "ChessHouston"]
[Black "swagnik"]
[Result "0-1"]
[WhiteElo "1749"]
[BlackElo "1881"]
[Opening "Robatsch (modern) defense"]
[ECO "B06"]
[Time "10:01:40"]
[TimeControl "2700+45"]

1. e4 g6 2. d4 Bg7 3. Nf3 c5 4. c3 cxd4 5. Nxd4 Nc6 6. Be3 Nf6 7. f3 O-O 8. g4
e6 9. Nd2 d5 10. Nxc6 bxc6 11. Bc5 Re8 12. Qa4 Qc7 13. Bd3 a6 14. O-O-O Nd7 15.
Be3 Ne5 16. Be2 Bb7 17. f4 Nd7 18. Bf3 Rac8 19. Kb1 dxe4 20. Nxe4 Red8 21. Nd6
Rb8 22. g5 Nb6 23. Bxb6 Qxb6 24. Nxb7 Qxb7 25. Rxd8+ Rxd8 26. Bxc6 Qb6 27. Rc1
Rd2 28. b4 Rxh2 29. b5 axb5 30. Bxb5 Qf2 31. Rc2 Rh1+ 32. Kb2 Qe1 33. Kb3 Qb1+
34. Rb2 Qd1+ 35. Rc2 Qd5+ 36. Kb2 Rh4 37. Rf2 Bxc3+ 38. Kc2 Qc5 39. Re2 Bd4+ 40.
Kd3 {White resigns} 0-1

[Event "Team 45 45 League T67"]
[Site "Internet Chess Club"]
[Date "2015.12.29"]
[Round "4"]
[White "sockbuf"]
[Black "LiangLiang"]
[Result "0-1"]
[WhiteElo "1767"]
[BlackElo "1876"]
[Opening "Grünfeld defense"]
[ECO "D80"]
[Time "13:00:44"]
[TimeControl "2700+45"]

1. d4 Nf6 2. c4 g6 3. Nc3 d5 4. e3 Bg7 5. Qb3 dxc4 6. Bxc4 O-O 7. Nf3 Nc6 8. Be2
e6 9. O-O b6 10. Rd1 Bb7 11. Qa4 a6 12. b4 Nd5 13. Nxd5 exd5 14. Bb2 Ne7 15.
Rac1 Nf5 16. Rc2 Nd6 17. Rdc1 Nc4 18. b5 axb5 19. Qxb5 Ba6 20. Qc6 Re8 21. Bxc4
Bxc4 22. Nd2 Re6 23. Qb7 Rxa2 24. Nxc4 dxc4 25. Ba1 Rxc2 26. Rxc2 Bxd4 27. Rd2
Rxe3 28. fxe3 Bxe3+ 29. Kh1 Bxd2 {White resigns} 0-1

[Event "Team 45 45 League T67"]
[Site "Internet Chess Club"]
[Date "2015.12.28"]
[Round "4"]
[White "MetaGod"]
[Black "rusano"]
[Result "0-1"]
[WhiteElo "1789"]
[BlackElo "1733"]
[Opening "Neo-Grünfeld defense"]
[ECO "D70"]
[Time "16:00:12"]
[TimeControl "2700+45"]

1. d4 Nf6 2. c4 g6 3. Nf3 d5 4. cxd5 Nxd5 5. e4 Nb6 6. Nc3 Bg7 7. h3 O-O 8. Be2
N8d7 9. a4 Nf6 10. a5 Nbd7 11. e5 Ne8 12. b4 c6 13. Bc4 Nc7 14. Ng5 e6 15. Nge4
Nd5 16. Bxd5 exd5 17. Nd6 Nxe5 18. Nxb7 Bxb7 19. dxe5 Bxe5 20. Qc2 Ba6 21. f4
Bg7 22. Kd1 d4 23. Ne4 d3 24. Qa2 Qd4 25. Ng5 Qxa1 26. Qf2 Qa4+ {White resigns}
0-1

[Event "Team 45 45 League T67"]
[Site "Internet Chess Club"]
[Date "2015.12.28"]
[Round "4"]
[White "Mitochondria"]
[Black "bluesun"]
[Result "1-0"]
[WhiteElo "1515"]
[BlackElo "1499"]
[Opening "QGD Slav: 3.Nf3"]
[ECO "D11"]
[Time "19:00:13"]
[TimeControl "2700+45"]

1. d4 d5 2. c4 c6 3. Nf3 Nf6 4. Bg5 a6 5. e3 b5 6. cxd5 cxd5 7. Bxf6 gxf6 8. Qc2
Nd7 9. Bd3 e5 10. dxe5 fxe5 11. Qc6 Rb8 12. Nxe5 Bb7 13. Qxd7+ Qxd7 14. Nxd7
Kxd7 15. O-O b4 16. Nd2 Bg7 17. Rab1 a5 18. Nb3 Ra8 19. Nc5+ Kc7 20. Rfc1 Bc6
21. Nb3 h6 22. Bb5 Kb6 23. Bxc6 Rac8 24. Bxd5 Rxc1+ 25. Nxc1 Rf8 26. b3 Rd8 27.
e4 f5 28. f3 fxe4 29. fxe4 Bd4+ 30. Kh1 Rf8 31. Nd3 Kc7 32. h3 Kd6 33. Rc1 h5
34. Kh2 h4 35. Rc6+ Ke7 36. Re6+ Kd7 37. Ne5+ Kc7 38. Rc6+ Kd8 39. Nf3 Bf2 40.
Ra6 Kc7 41. Rxa5 Kb6 42. Ra8 Rxa8 43. Bxa8 Kc5 44. Bd5 Kd6 45. Bc4 Kc5 46. e5
Kc6 47. e6 Kd6 48. Ng5 Ke7 49. Ne4 Be1 50. g3 hxg3+ 51. Nxg3 Bd2 52. h4 Bf4 53.
Kh3 Be5 54. Kg4 Bf6 55. h5 Ke8 56. Kf5 Ke7 57. Ne4 Bg7 58. Kg6 Kf8 59. h6 Kg8
60. e7+ Kh8 61. e8=Q+ Bf8 62. Qxf8# {Black checkmated} 1-0

[Event "Team 45 45 League T67"]
[Site "Internet Chess Club"]
[Date "2016.01.03"]
[Round "4"]
[White "giantwood"]
[Black "Zyme"]
[Result "0-1"]
[WhiteElo "1429"]
[BlackElo "1391"]
[Opening "French: advance, Euwe variation"]
[ECO "C02"]
[Time "09:00:24"]
[TimeControl "2700+45"]

1. e4 e6 2. d4 d5 3. e5 c5 4. c3 Nc6 5. Nf3 Bd7 6. a3 f6 7. Bf4 Qb6 8. Ra2 cxd4
9. cxd4 g5 10. Be3 g4 11. Nfd2 fxe5 12. dxe5 Qc7 13. Qxg4 Nxe5 14. Bd4 Nxg4 15.
Bxh8 Qc1+ 16. Ke2 Qc5 17. f3 Qf2+ 18. Kd1 Ne3+ 19. Kc1 Nxf1 20. Rxf1 {White
resigns} 0-1

[Event "Team 45 45 League T67"]
[Site "Internet Chess Club"]
[Date "2016.01.02"]
[Round "4"]
[White "chuckh2"]
[Black "karthikkallam"]
[Result "1-0"]
[WhiteElo "1416"]
[BlackElo "1400"]
[Opening "Queen's pawn, Mason variation"]
[ECO "D00"]
[Time "12:00:07"]
[TimeControl "2700+45"]

1. d4 d5 2. Bf4 Nf6 3. e3 e6 4. c4 Bb4+ 5. Nd2 O-O 6. a3 Bxd2+ 7. Qxd2 Nc6 8.
Bd3 a6 9. Nf3 dxc4 10. Bxc4 b5 11. Bd3 Bb7 12. Qc2 Rc8 13. O-O Ne7 14. e4 Ng6
15. Be3 Qe7 16. e5 Bxf3 17. exf6 Qxf6 18. gxf3 Qxf3 19. Be4 Qg4+ 20. Kh1 Nh4 21.
Rg1 Qh5 22. Rg5 Qh6 23. Rag1 Qf6 24. Rh5 c6 25. Bg5 Qxd4 26. Bxh7+ Kh8 27. Bg8+
Kxg8 28. Qh7# {Black checkmated} 1-0

[Event "Team 45 45 League T67"]
[Site "Internet Chess Club"]
[Date "2015.12.29"]
[Round "4"]
[White "houseofcook"]
[Black "Bizzy-Ketty"]
[Result "0-1"]
[WhiteElo "1398"]
[BlackElo "1660"]
[Opening "Sicilian: closed, 2...Nc6"]
[ECO "B23"]
[Time "10:00:21"]
[TimeControl "2700+45"]

1. e4 c5 2. Nc3 Nc6 3. Bb5 e6 4. Bxc6 bxc6 5. f4 d5 6. Nf3 Nf6 7. d3 Be7 8. O-O
O-O 9. e5 Nd7 10. Kh1 Rb8 11. Rb1 Ba6 12. Bd2 f6 13. Re1 f5 14. d4 h6 15. Ne2
Qe8 16. c3 Bd3 17. Qa4 Bxb1 18. Rxb1 Nb6 19. Qc2 Nc4 20. Qc1 Rb7 21. b3 Qb8 22.
Ra1 Nxd2 23. Nxd2 g5 24. g3 Qe8 25. Qf1 Qh5 26. Rb1 Rfb8 27. a3 a5 28. Nc1 cxd4
29. Na2 Bxa3 30. cxd4 Rb6 31. Qd1 Qxd1+ 32. Rxd1 Bb2 {White resigns} 0-1

[Event "Team 45 45 League T67"]
[Site "Internet Chess Club"]
[Date "2015.12.27"]
[Round "4"]
[White "Sparkle"]
[Black "harabas007"]
[Result "1-0"]
[WhiteElo "1411"]
[BlackElo "1440"]
[Opening "Ruy Lopez: exchange variation, Alapin gambit"]
[ECO "C68"]
[Time "06:01:09"]
[TimeControl "2700+45"]

1. e4 e5 2. Nf3 Nc6 3. Bb5 a6 4. Bxc6 dxc6 5. O-O Bg4 6. h3 h5 7. d3 Bxf3 8.
Qxf3 Bc5 9. Nd2 Qh4 10. Nc4 f6 11. Be3 Bxe3 12. Nxe3 g6 13. Rad1 O-O-O 14. Nc4
Ne7 15. c3 c5 16. Qe3 b6 17. a4 Nc6 18. a5 Kb7 19. Ra1 g5 20. Qg3 Qxg3 21. fxg3
Rxd3 22. Rxf6 Rxg3 23. axb6 cxb6 24. Rf7+ Kb8 25. Rxa6 Nd8 26. Rxb6+ Ka8 27. Rc7
Rf8 28. Rxc5 Rf7 29. Nd6 Ka7 30. Nc8+ {Black resigns} 1-0

[Event "Team 45 45 League T67"]
[Site "Internet Chess Club"]
[Date "2015.12.27"]
[Round "4"]
[White "DineshB"]
[Black "sdcohle"]
[Result "0-1"]
[WhiteElo "1225"]
[BlackElo "1489"]
[Opening "French: advance variation"]
[ECO "C02"]
[Time "15:01:04"]
[TimeControl "2700+45"]

1. e4 e6 2. d4 d5 3. e5 c5 4. c3 Qb6 5. Nf3 Nc6 6. a3 Nge7 7. dxc5 Qxc5 8. b4
Qb6 9. c4 dxc4 10. Nbd2 c3 11. Nc4 Qc7 12. Nd6+ Kd8 13. Nxb7+ Ke8 14. Nd6+ Kd8
15. Nxf7+ Ke8 16. Nxh8 Nxe5 17. Nxe5 Qxe5+ 18. Qe2 Qf6 19. Qf3 Qxf3 20. gxf3 Bb7
21. Bg2 g6 22. O-O Bg7 23. Nxg6 Nxg6 24. Ra2 Nh4 25. Re1 Ke7 26. Bg5+ Bf6 27.
Bxh4 Bxh4 28. Rc2 Rc8 29. Bh3 Rc6 30. Re3 Bf6 31. Kg2 Rd6 32. a4 a6 33. a5 Bc6
34. Kg3 Ba4 35. Rc1 c2 36. Bf5 Rd1 37. Re1 Rxc1 38. Rxc1 exf5 39. Kf4 Bb2 40.
Re1+ Kf6 41. h4 c1=Q+ 42. Rxc1 Bxc1+ 43. Kg3 f4+ 44. Kg4 Bd7+ 45. Kh5 Kg7 46.
Kg5 h6+ 47. Kh5 Be8+ 48. Kg4 Kg6 49. h5+ Kf6 50. Kh4 Kf5 51. Kh3 Bc6 52. Kg2 Kg5
53. Kf1 Kxh5 54. Ke2 Kg5 55. Kd3 h5 56. Kc4 Bb5+ 57. Kd4 h4 58. Ke4 h3 59. Ke5
h2 60. Kd4 h1=Q 61. Ke4 Qf1 62. Kd5 Qxf2 63. Kd6 Qd4+ 64. Ke6 Qd7+ 65. Ke5 Bb2+
66. Ke4 Qd3# {White checkmated} 0-1

[Event "Team 45 45 League T67"]
[Site "Internet Chess Club"]
[Date "2015.12.28"]
[Round "4"]
[White "QuieroAprender"]
[Black "unclevinny"]
[Result "1-0"]
[WhiteElo "1670"]
[BlackElo "1580"]
[Opening "Ruy Lopez: Berlin defense"]
[ECO "C65"]
[Time "18:36:30"]
[TimeControl "2700+45"]

1. e4 e5 2. Nf3 Nc6 3. Bb5 Nf6 4. Bxc6 dxc6 5. d3 Bd6 6. Bg5 h6 7. Bh4 O-O 8.
Nbd2 b5 9. O-O Re8 10. Re1 c5 11. c4 c6 12. b3 Qe7 13. a4 Bd7 14. Qc2 a6 15. Nb1
b4 16. Qb2 Qe6 17. Bxf6 Qxf6 18. Nbd2 g5 19. Nf1 g4 20. N3d2 h5 21. g3 Qg5 22.
Ne3 f5 23. exf5 Bxf5 24. Nxf5 Qxf5 25. Ne4 Rad8 26. Rad1 Bf8 27. Qd2 Rd4 28.
Qg5+ Qxg5 29. Nxg5 Kg7 30. f4 Kg6 31. h4 Bg7 32. Kg2 Kf5 33. fxe5 Bxe5 34. Nf7
Kf6 35. Nxe5 Rxe5 36. Rxe5 Kxe5 37. Re1+ Kf6 38. Re3 Rd6 39. Kf2 Re6 40. Rxe6+
Kxe6 41. Ke3 a5 42. Ke4 Kf6 43. Kf4 Kg6 44. Ke5 Kf7 45. Kd6 {Black resigns} 1-0

[Event "Team 45 45 League T67"]
[Site "Internet Chess Club"]
[Date "2015.12.30"]
[Round "4"]
[White "KidRattler"]
[Black "drsigmund1"]
[Result "1/2-1/2"]
[WhiteElo "1653"]
[BlackElo "1502"]
[Opening "French: Tarrasch, closed variation"]
[ECO "C05"]
[Time "20:14:50"]
[TimeControl "2700+45"]

1. e4 e6 2. d4 d5 3. Nd2 Nf6 4. e5 Nfd7 5. Ngf3 c5 6. c3 Nc6 7. Bd3 cxd4 8. cxd4
f6 9. exf6 Nxf6 10. O-O Bd6 11. Nb3 O-O 12. Bg5 Qc7 13. Rc1 Bf4 14. Bxf4 Qxf4
15. Qd2 Qxd2 16. Nfxd2 e5 17. Bb5 Nxd4 18. Nxd4 exd4 19. Nf3 a6 20. Bd3 Ng4 21.
Nxd4 Ne5 22. Rc3 Bd7 23. f4 Ng4 24. h3 Nf6 25. Rc7 Rab8 26. Bf5 Bxf5 27. Nxf5
Ne8 28. Ne7+ Kh8 29. Rd7 Nf6 30. Rd6 Rfd8 31. Rxd8+ Rxd8 32. Re1 d4 33. g4 d3
34. g5 d2 35. Rd1 Ne4 36. Kf1 g6 37. f5 Ng3+ 38. Kg2 Nxf5 39. Nxf5 gxf5 40. Kf3
Kg7 41. Kf4 Kg6 42. h4 b6 43. b3 {Game drawn by mutual agreement} 1/2-1/2

[Event "Team 45 45 League T67"]
[Site "Internet Chess Club"]
[Date "2015.12.26"]
[Round "4"]
[White "Andressa"]
[Black "Just-Jim"]
[Result "1-0"]
[WhiteElo "1420"]
[BlackElo "1332"]
[Opening "King's pawn opening"]
[ECO "B07"]
[Time "11:06:33"]
[TimeControl "2700+45"]

1. e4 d6 2. Nf3 e6 3. Nc3 f5 4. exf5 exf5 5. Bc4 Nh6 6. d4 Be7 7. O-O Ng4 8. h3
Nf6 9. Re1 d5 10. Bb3 O-O 11. Qe2 Nc6 12. Bg5 h6 13. Bxf6 Bxf6 14. Bxd5+ Kh8 15.
Rad1 Nb4 16. Bb3 f4 17. Ne5 Bxe5 18. dxe5 Qg5 19. Qf3 Nc6 20. e6 Ne5 21. Qe4 f3
22. g3 Qh5 23. Qh4 Qxh4 24. gxh4 Ng6 25. h5 Nf4 26. Kh2 b6 27. e7 Bxh3 28.
exf8=Q+ Rxf8 29. Nd5 Bg2 30. Nxf4 Rxf4 31. Rd8+ Kh7 32. Kg3 g5 33. Re7+ Rf7 34.
Rxf7# {Black checkmated} 1-0

[Event "Team 45 45 League T67"]
[Site "Internet Chess Club"]
[Date "2015.12.28"]
[Round "4"]
[White "rookfish"]
[Black "olivermx"]
[Result "0-1"]
[WhiteElo "1334"]
[BlackElo "1343"]
[Opening "Ruy Lopez: old Steinitz defense"]
[ECO "C62"]
[Time "16:00:24"]
[TimeControl "2700+45"]

1. e4 e5 2. Nf3 Nc6 3. Bb5 d6 4. c3 Nf6 5. d3 Bd7 6. Be3 a6 7. Ba4 b5 8. Bb3 Be7
9. O-O O-O 10. h3 Qc8 11. Nbd2 Be6 12. Nh4 Qd7 13. f4 h6 14. f5 Bxb3 15. Nxb3 d5
16. Bc5 dxe4 17. Bxe7 Qxe7 18. dxe4 Nxe4 19. Qd5 Qxh4 20. Qxc6 Rfc8 21. Rae1 Ng3
22. Rf3 Qg5 23. f6 gxf6 24. Rxf6 Kh7 25. Rxf7+ Kg8 26. Qe6 Re8 27. Qd7 Qg6 28.
Nd4 Qxf7 29. Qg4+ Qg7 30. Qf3 exd4 31. Rxe8+ Rxe8 32. Qd5+ {White resigns} 0-1

[Event "Team 45 45 League T67"]
[Site "Internet Chess Club"]
[Date "2016.01.03"]
[Round "4"]
[White "LazyPeon"]
[Black "justice02"]
[Result "0-1"]
[WhiteElo "1800"]
[BlackElo "1613"]
[Opening "Dutch"]
[ECO "A80"]
[Time "15:02:54"]
[TimeControl "2700+45"]

1. d4 f5 2. Nf3 Nf6 3. g3 g6 4. b3 Bg7 5. Bb2 c6 6. Bg2 O-O 7. O-O a5 8. c4 d6
9. Nc3 Na6 10. Nd2 e5 11. dxe5 dxe5 12. e4 Bh6 13. Nf3 Qc7 14. Qe2 f4 15. Rad1
fxg3 16. hxg3 Bg4 17. Na4 Rad8 18. c5 Qe7 19. Qc4+ Be6 20. Qc2 Nb4 21. Qb1 Nd7
22. Nxe5 Nxc5 23. Nxc5 Qxc5 24. Nd3 Qb5 25. Nxb4 Qxb4 26. Qc2 a4 27. bxa4 Bxa2
28. Bc3 Qc4 29. Qb2 Bb3 30. Rxd8 Rxd8 31. Re1 Qxa4 32. Ra1 Qxa1+ 33. Qxa1 Rd1+
34. Qxd1 Bxd1 35. f4 Kf7 36. Bh3 Bf8 37. Kf2 Bc5+ 38. Ke1 Bf3 39. e5 h5 40. Bf1
b5 41. Bd3 b4 42. Bc4+ Bd5 43. Bxd5+ cxd5 44. Bb2 Ke6 45. Ke2 Kf5 46. Kd3 Bf2
{White resigns} 0-1

[Event "Team 45 45 League T67"]
[Site "Internet Chess Club"]
[Date "2015.12.24"]
[Round "4"]
[White "zepled37"]
[Black "Zugzwanged"]
[Result "1-0"]
[WhiteElo "1742"]
[BlackElo "1638"]
[Opening "English: Neo-Catalan accepted"]
[ECO "A13"]
[Time "11:07:46"]
[TimeControl "2700+45"]

1. c4 Nf6 2. Nf3 e6 3. g3 d5 4. Bg2 dxc4 5. Qa4+ Nbd7 6. Qxc4 Bd6 7. O-O O-O 8.
d3 c5 9. Nc3 a6 10. Bd2 Rb8 11. a4 b6 12. Rfd1 Bb7 13. d4 Qe7 14. Rac1 Rfc8 15.
Qa2 Bxf3 16. Bxf3 cxd4 17. Ne4 Nxe4 18. Bxe4 Nf6 19. Bd3 Qb7 20. e3 dxe3 21.
Bxe3 Nd5 22. Rxc8+ Qxc8 23. Rc1 Qd7 24. Bd2 Nb4 25. Bxb4 Bxb4 26. Bxa6 Ra8 27.
Qc4 Qd2 28. Rc2 Qd1+ 29. Kg2 Qd5+ 30. Qxd5 exd5 31. Bb5 Rd8 32. Rc6 Bc5 33. b4
Bxb4 34. Rxb6 d4 35. Bd3 Bc3 36. Kf3 g6 37. Ke2 Ra8 38. Bc2 h5 39. Bb3 Ra7 40.
Rxg6+ Kh7 41. Rb6 Re7+ 42. Kd3 Rc7 43. Rb5 Kg6 44. Bd1 h4 45. gxh4 Be1 46. h5+
Kg7 47. f4 Bc3 48. Bb3 Ra7 49. Rg5+ Kh6 50. Rf5 Kg7 51. h3 Rb7 52. Bc2 Ra7 53.
Bb3 Rb7 54. Rb5 Ra7 55. Rb6 Ra5 56. Bd1 Rf5 57. Ke4 Ra5 58. h6+ Kh7 59. f5 Ra7
60. Bb3 Bd2 61. Rf6 Kg8 62. Rxf7 Rxf7 63. h7+ Kxh7 64. Bxf7 Bc3 65. Bh5 Kg7 66.
Bg4 Kf6 67. Kd5 Kg5 68. Kc5 Kf6 69. Kb5 Kg5 70. a5 d3 71. a6 Bd4 72. Kc4 Bb6 73.
Kxd3 Kf4 74. Kc4 Ke5 75. Kb5 Ba7 76. Kc6 Be3 77. Kb7 {Black resigns} 1-0

[Event "Team 45 45 League T67"]
[Site "Internet Chess Club"]
[Date "2015.12.28"]
[Round "4"]
[White "pokerram"]
[Black "Grenadier"]
[Result "1/2-1/2"]
[WhiteElo "1630"]
[BlackElo "1600"]
[Opening "Queen's pawn game"]
[ECO "D02"]
[Time "08:00:23"]
[TimeControl "2700+45"]

1. Nf3 d5 2. d4 Bg4 3. Ne5 Bf5 4. c4 Nf6 5. Qb3 b6 6. Nc3 dxc4 7. Qxc4 e6 8. Bg5
Be7 9. Bxf6 Bxf6 10. e4 Bg6 11. Nxg6 hxg6 12. Rd1 O-O 13. g3 Nd7 14. Bg2 Rc8 15.
O-O c5 16. e5 Be7 17. f4 cxd4 18. Qb5 Qc7 19. Ne4 Nc5 20. Rc1 Qd8 21. Rfd1 Nxe4
22. Bxe4 Rxc1 23. Rxc1 Qb8 24. Qd7 Bc5 25. Bd3 Rd8 26. Qb5 Rc8 27. a3 Bf8 28.
Rc6 Qb7 29. Rxc8 Qxc8 30. Qc4 Qb7 31. b4 a5 32. Qxd4 axb4 33. axb4 Qc7 34. Be4
Qc1+ 35. Kg2 Qa3 36. Qxb6 Qxb4 37. Qxb4 Bxb4 38. Kf3 Kf8 39. g4 Bc3 40. h4 Bb2
41. h5 gxh5 42. gxh5 Bc1 43. Kg4 Ke7 44. f5 Bh6 45. Bc2 Bc1 46. Bd3 {Game drawn
by mutual agreement} 1/2-1/2

[Event "Team 45 45 League T67"]
[Site "Internet Chess Club"]
[Date "2015.12.29"]
[Round "4"]
[White "GoIrish"]
[Black "idjit"]
[Result "0-1"]
[WhiteElo "1534"]
[BlackElo "1592"]
[Opening "Réti opening"]
[ECO "A05"]
[Time "11:00:24"]
[TimeControl "2700+45"]

1. Nf3 Nf6 2. g3 e6 3. Bg2 d5 4. O-O c5 5. d3 Nc6 6. Nbd2 Be7 7. e4 b5 8. Re1
O-O 9. e5 Nd7 10. h4 Bb7 11. Nf1 f6 12. exf6 Rxf6 13. Bg5 Rg6 14. Bxe7 Qxe7 15.
Ng5 Qd6 16. Qh5 Nf6 17. Qe2 Nd4 18. Qd2 Re8 19. c3 Nf5 20. Ne3 Nxe3 21. Qxe3 d4
22. Qe5 Qxe5 23. Rxe5 Bxg2 24. Kxg2 Nd7 25. Re2 e5 26. Rae1 Rd6 27. cxd4 Rxd4
28. Re3 h6 29. Ne4 Kf7 30. Nc3 a6 31. f4 Kf6 32. fxe5+ Rxe5 33. Rxe5 Nxe5 34.
Ne4+ Kf5 35. Rf1+ Ke6 36. Nxc5+ Kd6 37. Nxa6 Ra4 38. Nb8 Rxa2 39. d4 Rxb2+ 40.
Rf2 Rxf2+ 41. Kxf2 Nc6 42. Nxc6 Kxc6 43. Ke3 Kd5 44. Kd3 b4 45. g4 g5 46. hxg5
hxg5 47. Kc2 Kxd4 48. Kb3 Ke4 49. Kxb4 Kf4 50. Kc4 Kxg4 51. Kd3 Kf3 52. Kd2 Kf2
{White resigns} 0-1

[Event "Team 45 45 League T67"]
[Site "Internet Chess Club"]
[Date "2015.12.28"]
[Round "4"]
[White "FrankNautilus"]
[Black "pcvan"]
[Result "1-0"]
[WhiteElo "1670"]
[BlackElo "1464"]
[Opening "QGD: Tartakower (Makagonov-Bondarevsky) system"]
[ECO "D58"]
[Time "17:00:19"]
[TimeControl "2700+45"]

1. d4 d5 2. c4 e6 3. Nf3 Nf6 4. Bg5 Be7 5. Nc3 O-O 6. e3 h6 7. Bh4 b6 8. Rc1 Bb7
9. Bxf6 Bxf6 10. cxd5 exd5 11. Bd3 c5 12. O-O cxd4 13. exd4 Nc6 14. Bb1 Re8 15.
Qd2 Qd7 16. Qf4 Ne7 17. Rfe1 Ng6 18. Bxg6 fxg6 19. Qg3 Qf5 20. Rxe8+ Rxe8 21.
Qc7 Qc8 22. Nxd5 Qxc7 23. Nxf6+ gxf6 24. Rxc7 Bxf3 25. gxf3 Rd8 26. Rxa7 Rxd4
27. Rb7 Ra4 28. Rxb6 Rxa2 29. Rxf6 Rxb2 30. Rxg6+ Kh7 31. Rc6 Rb7 32. Kg2 Rg7+
33. Kh3 Rf7 34. Rc3 Kg6 35. Kg4 h5+ 36. Kg3 Kg5 37. Rc5+ Kg6 38. h4 Kh6 39. f4
Rg7+ 40. Rg5 Ra7 41. f5 Ra3+ 42. f3 {Black resigns} 1-0